[Event "Early-Titled-Tuesday-Blitz-March-19-2024"]
[Site "Chess.com"]
[Date "2024.03.19"]
[Round "4"]
[White "VladimirKramnik"]
[Black "PeshkaCh"]
[Result "0-1"]
[WhiteElo "3032"]
[BlackElo "2849"]
[TimeControl "180+1"]
[EndTime "8:40:14 PDT"]
[Termination "PeshkaCh won on time"]

1. e4 e5 2. Nf3 Nc6 3. Bb5 a6 4. Ba4 Nge7 5. Nc3 Ng6 6. d4 exd4 7. Nxd4 Bc5 8. Nf5 O-O 9. O-O d6 10. Be3 Bxe3 11. Nxe3 Kh8 12. Ncd5 f5 13. exf5 Bxf5 14.
Nxf5 Rxf5 15. c3 Qg5 16. Ne3 Re5 17. Bxc6 bxc6 18. Qf3 d5 19. Rfe1 Rf8 20. Qg3 Qe7 21.
Nc2 Nf4 22. Rxe5 Qxe5 23. Qe3 Qg5 24. Ne1 Qh5 25. Nf3 Qg4 26. g3 d4 27. Nxd4 Nh3+ 28. Kh1 Nxf2+ 29. Kg2 Qh3+ 30. Kg1 Ng4 31. Qe2 h6 32.
Qg2 Qxg2+ 33. Kxg2 Rf2+ 34. Kh3 h5 35. Kh4 Rxh2+ 36. Kg5 c5 37. Nf5 Ne5 38. Rf1 Kh7 39. Nh4 Rxb2 40. Kxh5 Rxa2 41. Kg5 Ra4 42. Rf4 Rc4 0-1

[Event "Early-Titled-Tuesday-Blitz-March-19-2024"]
[Site "Chess.com"]
[Date "2024.03.19"]
[Round "4"]
[White "Witik"]
[Black "Slovineanu"]
[Result "1/2-1/2"]
[WhiteElo "2758"]
[BlackElo "2498"]
[TimeControl "180+1"]
[EndTime "8:40:14 PDT"]
[Termination "Game drawn by repetition"]

1. d4 Nf6 2. c4 e6 3. Nf3 d5 4.
Nc3 c5 5. cxd5 Nxd5 6. e3 cxd4 7.
exd4 Bb4 8. Bd2 O-O 9. Bd3 b6 10. Nxd5 Bxd2+ 11. Nxd2 exd5 12. O-O Nc6 13. Nb3 Qf6 14.
Qh5 g6 15. Qxd5 Rd8 16. Qb5 Nxd4 17. Nxd4 Qxd4 18. Rad1 Bg4 19. Be2 Bxe2 20. Qxe2 Qc5 21. Rc1 Qd5 22. Qa6 Rd7 23. h3 Rad8 24. Rfe1 h5 25.
a3 Qd2 26. b4 Qf4 27. Rc8 Qd2 28. Rf1 Rxc8 29. Qxc8+ Kg7 30. Qa6 Qd3 31. Qc8 a5 32.
bxa5 bxa5 33. a4 Rd4 34. Qc5 Qc4 35. Qe5+ Kh7 36. Qxa5 Qxa4 37. Qc7 Qc4 38. Qe7 Re4 39. Qf6 Qe6 40. Qf3 Kg7 41. Qc3+ Qe5 42. Qf3 Re1 43.
Rxe1 Qxe1+ 44. Kh2 Qe5+ 45. Kg1 Qe1+ 46. Kh2 Qe5+ 47.
Kg1 Qe1+ 1/2-1/2

[Event "Early-Titled-Tuesday-Blitz-March-19-2024"]
[Site "Chess.com"]
[Date "2024.03.19"]
[Round "4"]
[White "NtcPou"]
[Black "Felix-Rose"]
[Result "0-1"]
[WhiteElo "1985"]
[BlackElo "2261"]
[TimeControl "180+1"]
[EndTime "8:40:14 PDT"]
[Termination "Felix-Rose won by resignation"]

1. e4 c6 2. d4 d5 3. e5 Bf5 4.
Nd2 e6 5. Nb3 Ne7 6. Nf3 Nd7 7.
Be2 c5 8. dxc5 Nc6 9. Be3 Ndxe5 10. O-O Nxf3+ 11. Bxf3 Be7 12. Nd4 Nxd4 13. Bxd4 O-O 14. c4 dxc4 15. Bxb7 Rb8 16. c6 Qc7 17. Bxa7 Rbd8 18.
Qf3 Rd3 19. Qe2 Rfd8 20. Rfd1 Bd6 21. h3 Bh2+ 22. Kh1 Be5 23. Rxd3 cxd3 24. Qf3 Bxb2 25. Rb1 d2 26. Rd1 Bc2 27. Be3 Bxd1 28. Qxd1 Bc3 29. a4 Ba5 30. Kg1 Rd5 31. Kf1 h6 32.
Ke2 Qe5 33. Kf1 Qb2 34. Ba6 Qb8 35. Bb5 Qd6 36. g3 f5 37. Bf4 Qc5 38. Be3 Qd6 39. Bf4 e5 40. Be3 f4 41. Ba7 Rxb5 42. axb5 Qd3+ 43. Kg1 fxg3 44. fxg3 Qxg3+ 45. Kf1 Qe1+ 46. Qxe1 dxe1=Q+ 47. Kg2 Qe2+ 48. Bf2 Qxb5 49. c7 Qc6+ 50. Kg3 Bxc7 51. Be3 e4+ 52. Bf4 Qg6+ 53. Kf2 Bxf4 0-1

[Event "Early-Titled-Tuesday-Blitz-March-19-2024"]
[Site "Chess.com"]
[Date "2024.03.19"]
[Round "4"]
[White "BlueWizzard"]
[Black "vladgoncharov"]
[Result "1-0"]
[WhiteElo "2899"]
[BlackElo "2621"]
[TimeControl "180+1"]
[EndTime "8:40:15 PDT"]
[Termination "BlueWizzard won on time"]

1. d4 Nf6 2. Nc3 d5 3. Nf3 h6 4. Qd3 c6 5. e4 dxe4 6. Nxe4 Nxe4 7. Qxe4 Nd7 8. Bc4 Nf6 9. Qf4 Qa5+ 10. c3 Qf5 11. Qe3 Qe4 12. Ne5 Qxe3+ 13. fxe3 e6 14. Bd3 Bd6 15. Nc4 Bc7 16. a4 b6 17. e4 Bb7 18. O-O Rd8 19. e5 Nd5 20. Bd2 O-O 21. Be1 Ba6 22. Rf3 c5 23. Bh4 g5 24. Bf2 cxd4 25.
Bxd4 Nf4 26. Bf1 Ng6 27. Re1 Nh4 28. Rf6 Nf5 29. Nd6 Bxd6 30. Bxa6 Be7 31. Rxf5 exf5 32. e6 f6 33. b4 Kg7 34. Bb5 Rd6 35. Bd7 Rd8 36.
a5 bxa5 37. b5 a4 38. Ra1 a3 39. Bxa7 Rd2 40. c4 Bb4 41. c5 a2 42. e7 R2xd7 43.
exd8=Q Rxd8 44. Rxa2 Ra8 45. c6 1-0

[Event "Early-Titled-Tuesday-Blitz-March-19-2024"]
[Site "Chess.com"]
[Date "2024.03.19"]
[Round "4"]
[White "Barmen_EV"]
[Black "MdChess1734"]
[Result "1-0"]
[WhiteElo "2560"]
[BlackElo "2359"]
[TimeControl "180+1"]
[EndTime "8:40:15 PDT"]
[Termination "Barmen_EV won by resignation"]

1. e4 c6 2. d4 d5 3. e5 Bf5 4. h4 h5 5. Bg5 Qb6 6. Bd3 Qxd4 7. Nf3 Qg4 8. Bxf5 Qxf5 9. O-O f6 10.
c4 fxg5 11. cxd5 gxh4 12. Qb3 b6 13. Nc3 h3 14. dxc6 Qg4 15. Ne1 hxg2 16. Nxg2 Nxc6 17. Qb5 Rc8 18. Rac1 h4 19. f3 Qb4 20. Qd3 e6 21.
Qg6+ Ke7 22. Ne4 Rh6 23. Qg5+ Kf7 24. Qf4+ Kg6 25. Rxc6 Rxc6 26. a3 Qd4+ 27. Kh1 Nf6 28. exf6 gxf6 29. Qg4+ Kf7 30. Ng5+ fxg5 31. Qxd4 Rd6 32.
Qe4 h3 33. Ne3 Rh4 34. Ng4 Bg7 35. Qc4 Rd4 36. Qc7+ Kg8 37. Qc8+ Kh7 38. Qxe6 Rdxg4 39. fxg4 Rxg4 40. Qxg4 1-0

[Event "Early-Titled-Tuesday-Blitz-March-19-2024"]
[Site "Chess.com"]
[Date "2024.03.19"]
[Round "4"]
[White "AlanZhang"]
[Black "MalyDominator"]
[Result "0-1"]
[WhiteElo "2228"]
[BlackElo "2543"]
[TimeControl "180+1"]
[EndTime "8:40:15 PDT"]
[Termination "MalyDominator won on time"]

1. e4 c6 2. d4 d5 3. Nc3 dxe4 4. Nxe4 Bf5 5. Ng3 Bg6 6. h4 h6 7. Nf3 Nd7 8. h5 Bh7 9. Bd3 Bxd3 10. Qxd3 e6 11.
Bd2 Ngf6 12. O-O-O Be7 13. Kb1 O-O 14. Ne4 Nxe4 15.
Qxe4 Nf6 16. Qe2 Qd5 17. Ne5 Qe4 18. Be3 Nd5 19. Rde1 Rad8 20. g4 c5 21. Nf3 cxd4 22. Bxd4 Qxe2 23. Rxe2 a6 24. Rd1 Rc8 25. c3 b5 26. a3 a5 27. Ne5 b4 28. axb4 axb4 29. c4 Nf4 30. Re4 Nh3 31. f4 Rfd8 32. Nd3 f5 33. Rxe6 Rxd4 34. Rxe7 Nxf4 35. Re3 Rcd8 36. Kc2 fxg4 37. b3 g6 38. Nf2 Rxd1 39. Nxd1 gxh5 40. Re4 Ng6 41. Re6 Kf7 42. Re2 g3 43. Ne3 h4 44.
Nf5 Kf6 45. Nxh6 h3 46. Ng4+ Kg5 47. Ne3 h2 48. Re1 Re8 49. Kd3 g2 0-1

[Event "Early-Titled-Tuesday-Blitz-March-19-2024"]
[Site "Chess.com"]
[Date "2024.03.19"]
[Round "4"]
[White "mishanick"]
[Black "Seochesspie"]
[Result "1-0"]
[WhiteElo "3129"]
[BlackElo "2890"]
[TimeControl "180+1"]
[EndTime "8:40:16 PDT"]
[Termination "mishanick won by checkmate"]

1. d4 Nf6 2. c4 e6 3. Nc3 Bb4 4. e3 c5 5. Bd3 O-O 6. Nf3 d5 7. O-O dxc4 8. Bxc4 Nc6 9. a3 Ba5 10. h3 Qe7 11. Qc2 cxd4 12. exd4 Rd8 13. Be3 Bxc3 14. bxc3 b6 15. Bd3 Bb7 16. Rfe1 Rac8 17. a4 Na5 18. Ne5 h6 19. c4 Nd7 20. Nxd7 Qxd7 21. Qe2 Nxc4 22. Bxc4 Qc6 23. Qg4 Qxc4 24. Bxh6 Qxd4 25. Qg3 Rc3 26. Be3 Qd5 27. Rad1 Qxd1 28. Rxd1 Rxd1+ 29. Kh2 Rd8 30. Qg4 Rxe3 31. fxe3 Rd2 32. e4 Rd4 33.
Qf4 Bxe4 34. a5 bxa5 35. h4 a4 36. h5 Rc4 37. g4 Bd5 38. Qb8+ Kh7 39. g5 Rh4+ 40. Kg3 Rxh5 41. Qb1+ g6 42. Kf4 Rh3 43. Ke5 Rf3 44. Kd6 a3 45. Ke7 a2 46. Qa1 Kg8 47.
Qe5 Rf1 48. Qb8+ Kh7 49. Kf8 a1=Q 50. Qh2# 1-0

[Event "Early-Titled-Tuesday-Blitz-March-19-2024"]
[Site "Chess.com"]
[Date "2024.03.19"]
[Round "4"]
[White "mbojan"]
[Black "Revan_2002"]
[Result "1-0"]
[WhiteElo "2802"]
[BlackElo "2578"]
[TimeControl "180+1"]
[EndTime "8:40:16 PDT"]
[Termination "mbojan won by checkmate"]

1. d4 Nf6 2. c4 e6 3. Nf3 d5 4. g3 dxc4 5. Bg2 Bb4+ 6. Bd2 a5 7.
O-O O-O 8. Qc2 b5 9. a4 c6 10. Ne5 Ra6 11. Nc3 Rb6 12. Rfd1 Bb7 13. Ne4 Bxd2 14. Rxd2 Nbd7 15. Nc5 Nb8 16. axb5 Rxb5 17. Nxc4 Nd5 18. e3 Bc8 19. Ne5 f6 20. Ned3 Qb6 21.
Be4 f5 22. Bf3 Nd7 23. Nxd7 Bxd7 24. Nc5 Rd8 25. Kg2 Bc8 26. h4 e5 27. Na4 Qc7 28. dxe5 Qxe5 29. Rad1 Bb7 30. Nc5 Ba8 31. Nd3 Qe7 32.
Nc1 Rbb8 33. Ne2 Kh8 34. Nc3 Nb4 35. Qxf5 Rf8 36. Qg5 Qf7 37. Be4 c5 38. Bxa8 Rxa8 39. Ne4 Qf3+ 40. Kh2 Qxe4 41. Kg1 c4 42. Rd7 Qf3 43.
Qxg7# 1-0

[Event "Early-Titled-Tuesday-Blitz-March-19-2024"]
[Site "Chess.com"]
[Date "2024.03.19"]
[Round "4"]
[White "shirovin"]
[Black "Barbix1"]
[Result "0-1"]
[WhiteElo "2043"]
[BlackElo "2284"]
[TimeControl "180+1"]
[EndTime "8:40:17 PDT"]
[Termination "Barbix1 won on time"]

1. e4 c5 2. Nf3 g6 3. d4 cxd4 4. Nxd4 Nc6 5. c4 Nf6 6. Nc3 Nxd4 7. Qxd4 d6 8. Bg5 Bg7 9. f3 O-O 10. Qd2 Be6 11. Be2 Rc8 12. Nd5 Bxd5 13. exd5 Nd7 14. O-O a5 15. Kh1 Nc5 16. Rfe1 Re8 17. Bf1 Qc7 18. Rac1 Na4 19. b3 Nc5 20. Qc2 Qb6 21. Qd2 Qc7 22. Rb1 Qd7 23. a3 Ra8 24. b4 axb4 25.
axb4 Na4 26. Qc2 Nc3 27. Rb3 Ra2 28. Qd3 Na4 29. Ra3 Rxa3 30. Qxa3 Nb6 31. Rd1 e6 32. c5 dxc5 33. bxc5 Nxd5 34. Bc4 Qc6 35. Re1 Rc8 36. Bxd5 Qxd5 37. Be3 Qf5 38. Qb4 e5 39.
Qxb7 e4 0-1

[Event "Early-Titled-Tuesday-Blitz-March-19-2024"]
[Site "Chess.com"]
[Date "2024.03.19"]
[Round "4"]
[White "GlavkonVVS"]
[Black "DraningWaterHi"]
[Result "1-0"]
[WhiteElo "2696"]
[BlackElo "2249"]
[TimeControl "180+1"]
[EndTime "8:40:18 PDT"]
[Termination "GlavkonVVS won by checkmate"]

1. c4 Nf6 2. Nc3 g6 3. Nf3 Bg7 4. d4 d6 5. Bg5 O-O 6. e3 h6 7.
Bh4 g5 8. Bg3 Nh5 9. Qc2 Nxg3 10.
hxg3 f5 11. O-O-O Nc6 12. c5 e6 13. d5 Nb4 14. Qb3 Nxd5 15. Nxd5 exd5 16. Qxd5+ Kh8 17.
cxd6 cxd6 18. Qxd6 Qf6 19. Qxf6 Rxf6 20. Rd8+ Kh7 21.
Nxg5+ Kg6 22. Nh3 Rc6+ 23. Kb1 f4 24. Nxf4+ Kf7 25. Bd3 Be5 26. Rd1 a6 27. Be4 Rc7 28. Bg6+ Kg7 29. Bc2 Kf7 30. Ng6 Bf6 31. Rf8+ Kg7 32.
Re8 Bf5 33. Bxf5 Rxe8 34. Nf4 Rce7 35. e4 Re5 36. Nd5 Rxf5 37. exf5 Re2 38. Nxf6 Kxf6 39.
Rd6+ Kxf5 40. Rxh6 Rxf2 41. Rb6 Rf1+ 42. Kc2 Rf2+ 43.
Kb3 Rxg2 44. Rxb7 Rxg3+ 45. Ka4 Ke5 46. Ka5 Kd5 47. Kxa6 Kc6 48. Rb6+ Kc7 49. a4 Rg4 50.
a5 Rg5 51. b4 Rf5 52. Rh6 Rf7 53.
b5 Rf8 54. b6+ Kb8 55. Rh7 Ka8 56. Rd7 Kb8 57. Kb5 Rf5+ 58. Kb4 Rf4+ 59. Kc5 Rf5+ 60.
Rd5 Rf6 61. a6 Rf8 62. Kc6 Rc8+ 63. Kd7 Rh8 64. Re5 Rh7+ 65. Re7 Rh8 66. Re8+ Rxe8 67.
Kxe8 Ka8 68. Kd7 Kb8 69. b7 Ka7 70. Kc7 Kxa6 71. b8=Q Ka5 72. Qb3 Ka6 73. Qb6# 1-0

[Event "Early-Titled-Tuesday-Blitz-March-19-2024"]
[Site "Chess.com"]
[Date "2024.03.19"]
[Round "4"]
[White "Sharan_Rao"]
[Black "scarabee43"]
[Result "0-1"]
[WhiteElo "2590"]
[BlackElo "2821"]
[TimeControl "180+1"]
[EndTime "8:40:20 PDT"]
[Termination "scarabee43 won on time"]

1. d4 Nf6 2. Nc3 d5 3. Bf4 a6 4. e3 Bf5 5. Nf3 h6 6. Ne5 Nbd7 7. g4 Bh7 8. h4 e6 9. g5 Nxe5 10. Bxe5 Nd7 11. Bf4 c5 12. Bd3 Bxd3 13. Qxd3 hxg5 14. Bxg5 Qxg5 15. hxg5 Rxh1+ 16. Kd2 Rxa1 17. e4 dxe4 18. Nxe4 cxd4 19. Qxd4 O-O-O 20. Qc3+ Kb8 21. Ke2 Rg1 22.
b4 Nb6 23. b5 Rb1 24. bxa6 bxa6 25. Qg3+ Ka8 26. Qc7 Rd7 27. Qc6+ Ka7 28. c4 Rb2+ 29. Kf3 Rd3+ 30. Kg2 Na8 31. Qe8 Ba3 32. Qxf7+ Rb7 33. Qxe6 Rc7 34. g6 Nb6 35. c5 Na4 36. c6 Nb6 37. Qe8 Rd4 38. f3 Rc4 39. Ng5 R4xc6 40. Ne6 Rc2+ 41. Kh3 Rd7 42. Nd8 Rc8 43. Qe3 Bc5 44.
Nc6+ Rxc6 45. Qe4 Rcd6 46. f4 Bd4 47. f5 Bf6 48. Kg2 Rd2+ 49. Kf1 Rxa2 50. Ke1 Bc3+ 51.
Kf1 Rd1+ 0-1

[Event "Early-Titled-Tuesday-Blitz-March-19-2024"]
[Site "Chess.com"]
[Date "2024.03.19"]
[Round "4"]
[White "AndresDelgado77"]
[Black "1mbl4"]
[Result "1-0"]
[WhiteElo "2337"]
[BlackElo "2616"]
[TimeControl "180+1"]
[EndTime "8:40:20 PDT"]
[Termination "AndresDelgado77 won by resignation"]

1. e4 c5 2. Nf3 Nc6 3. b4 cxb4 4. d4 d5 5. exd5 Qxd5 6. c4 Qh5 7. Be2 Nf6 8. O-O g5 9. d5 Nd8 10. Bxg5 Bg7 11. Nbd2 O-O 12. h4 Ng4 13. Bxe7 Re8 14. Bxd8 Rxd8 15. Ne4 Re8 16. Ng3 Qg6 17. Bd3 Qd6 18. Ne4 Qf4 19. g3 Qc7 20. Neg5 h6 21.
Ne4 f5 22. Ned2 Ne3 23. Qb3 Nxf1 24. Rxf1 Qf7 25. c5 b5 26. Bxb5 Bd7 27. Bc4 Kh8 28. c6 Bc8 29. d6 Be6 30. d7 Re7 31. Bxe6 Rxe6 32. Nc4 Qe7 33. Na5 Re4 34. Qd5 Rd8 35.
Qxf5 Re2 36. Kg2 Rf8 37. Qd3 Re4 38. c7 Rg4 39. d8=Q Rxd8 40. cxd8=Q+ Qxd8 41. Qxd8+ Kh7 42. Qd3+ Kh8 43. Ne5 1-0

[Event "Early-Titled-Tuesday-Blitz-March-19-2024"]
[Site "Chess.com"]
[Date "2024.03.19"]
[Round "4"]
[White "Ati1517"]
[Black "MasterKroket"]
[Result "1-0"]
[WhiteElo "2247"]
[BlackElo "2489"]
[TimeControl "180+1"]
[EndTime "8:40:20 PDT"]
[Termination "Ati1517 won on time"]

1. e4 c5 2. Nf3 d6 3. d4 cxd4 4. Nxd4 Nf6 5. Nc3 Nc6 6. Be3 Bd7 7. Bc4 e6 8. O-O Be7 9. f3 O-O 10. Bb3 Nxd4 11. Bxd4 Bc6 12. Qd2 Qc7 13. Rad1 b5 14.
a3 a5 15. Rfe1 Rab8 16. Kh1 b4 17. axb4 axb4 18. Ne2 d5 19. Ng3 dxe4 20. fxe4 Qb7 21. Qf4 Rfd8 22. Bc4 Bd6 23. e5 Bxg2+ 24. Kg1 Bc7 25.
Qf2 Rxd4 26. Rxd4 Bb6 27. exf6 Bh3 28. c3 bxc3 29. bxc3 Rd8 30. Rxd8+ Bxd8 31. Ne2 Bxf6 32. Nd4 Qc7 33. Qg3 e5 34. Qxh3 Qxc4 35. Ne2 g6 36.
Qf3 Kg7 37. Ng3 Qc5+ 38. Kg2 Qe7 39. Rf1 Bh4 40. Ne4 f5 41. Ng3 e4 42. Qf4 Bg5 43.
Qf2 Qc7 44. Nxf5+ gxf5 45. Qxf5 Qe7 46. Re1 e3 47. h4 Bf6 48. Qg4+ Kf7 49. Qf3 Qc5 50.
Rxe3 1-0

[Event "Early-Titled-Tuesday-Blitz-March-19-2024"]
[Site "Chess.com"]
[Date "2024.03.19"]
[Round "4"]
[White "zurzan"]
[Black "martinmena"]
[Result "0-1"]
[WhiteElo "2036"]
[BlackElo "2275"]
[TimeControl "180+1"]
[EndTime "8:40:21 PDT"]
[Termination "martinmena won by resignation"]

1. c4 Nf6 2. g3 e6 3. Bg2 d5 4.
Nf3 Be7 5. cxd5 exd5 6. O-O O-O 7. d3 c5 8. Nc3 Nc6 9. e4 dxe4 10. dxe4 Qxd1 11. Rxd1 Bg4 12. h3 Bxf3 13. Bxf3 Nd4 14. Bg2 Rad8 15. Be3 Nc2 16. Rxd8 Rxd8 17. Rd1 Nxe3 18.
Rxd8+ Bxd8 19. fxe3 Nd7 20. Nd5 Ne5 21. Kf2 Nd3+ 22.
Ke2 Nxb2 23. Kd2 Nc4+ 24. Kc3 Ne5 25. a4 Ba5+ 26. Kc2 Kf8 27. g4 f6 28. Bf1 Kf7 29. Bb5 a6 30. Be2 g5 31. Kb3 Ke6 32. Kc2 Nd7 33.
Kb3 Ke5 34. Bd3 Kd6 35. Kc2 Bd8 36. Kb3 Ne5 37. Be2 Kc6 38. Nc3 h6 39. Nd5 b5 40.
Nc3 c4+ 41. Kc2 b4 42. Nd5 Kc5 43. Kb1 a5 44. Kb2 Kc6 45. Kc2 Nd7 46. Bxc4 Nc5 47. Bb5+ Kd6 48. Kd2 Nxe4+ 49. Kd3 Kxd5 50. Bc6+ Kxc6 51.
Kxe4 b3 0-1

[Event "Early-Titled-Tuesday-Blitz-March-19-2024"]
[Site "Chess.com"]
[Date "2024.03.19"]
[Round "4"]
[White "FaustinoOro"]
[Black "chess_blitz00"]
[Result "1-0"]
[WhiteElo "2891"]
[BlackElo "2468"]
[TimeControl "180+1"]
[EndTime "8:40:22 PDT"]
[Termination "FaustinoOro won on time"]

1. e4 d6 2. d4 Nf6 3. Nc3 e5 4. Nf3 Nbd7 5. Bc4 Be7 6. O-O O-O 7. Re1 c6 8. a4 Re8 9. a5 h6 10. h3 Qc7 11. Be3 Nf8 12. Qd2 Be6 13. Bxe6 Nxe6 14. a6 b6 15. Rad1 Bf8 16. Qd3 exd4 17. Bxd4 Nc5 18.
Bxc5 bxc5 19. b3 Rad8 20. Qc4 Nd7 21. Na4 Nb6 22. Nxb6 axb6 23. Ra1 b5 24. Qd3 Qb6 25.
c4 Ra8 26. e5 dxe5 27. Nxe5 Rxa6 28. Qf5 Rxa1 29. Qxf7+ Kh7 30. Qf5+ Kg8 31. Rxa1 Qc7 32. Nf3 Qf7 33. Qxf7+ Kxf7 34. Ra6 Re6 35. Rxc6 Rxc6 36. Ne5+ Ke6 37. Nxc6 b4 38. Kf1 Bd6 39. Ke2 Bc7 40. Kd3 Kd6 41. Na7 Bb6 42. Nc8+ Kc7 43. Nxb6 Kxb6 44. Ke4 1-0

[Event "Early-Titled-Tuesday-Blitz-March-19-2024"]
[Site "Chess.com"]
[Date "2024.03.19"]
[Round "4"]
[White "LikeWater"]
[Black "Al_Shima"]
[Result "0-1"]
[WhiteElo "2650"]
[BlackElo "2459"]
[TimeControl "180+1"]
[EndTime "8:40:22 PDT"]
[Termination "Al_Shima won by checkmate"]

1. e4 c6 2. d4 d5 3. e5 c5 4. Nf3 Nc6 5. dxc5 Bg4 6. c3 e6 7.
b4 Nge7 8. h3 Bh5 9. g4 Bg6 10.
Bg2 h5 11. Bf4 hxg4 12. hxg4 Rxh1+ 13. Bxh1 Be4 14. Nbd2 Ng6 15. Bg3 Bd3 16. Qb3 a5 17. O-O-O axb4 18. cxb4 Bb5 19. Qb2 b6 20. Nb3 Nxb4 21.
Nbd4 Nd3+ 22. Rxd3 Bxd3 23. Qc3 Bc4 24. c6 Rxa2 25.
Nd2 Ba3+ 26. Kd1 Bb2 27. Qb4 Bxd4 28. Nxc4 dxc4 29. Ke1 Ra1+ 30. Ke2 Rxh1 31. Qb5 Qc7 32. Qxc4 Bxe5 33. Qa4 Bxg3 34. fxg3 Rh2+ 35. Kf3 Rd2 36. Qa8+ Ke7 37. Ke3 Rd6 38. Qg8 Rxc6 39. Qxg7 Qe5+ 40.
Qxe5 Nxe5 41. Kf4 Ng6+ 42. Kg5 Rc5+ 43. Kh6 Ne5 44. g5 Ng4+ 45. Kh5 f6 46. Kg6 Rxg5+ 47. Kh7 Kf7 48. Kh8 Rh5# 0-1

[Event "Early-Titled-Tuesday-Blitz-March-19-2024"]
[Site "Chess.com"]
[Date "2024.03.19"]
[Round "4"]
[White "HelvertHernandez"]
[Black "Jahonas"]
[Result "1/2-1/2"]
[WhiteElo "2035"]
[BlackElo "2341"]
[TimeControl "180+1"]
[EndTime "8:40:22 PDT"]
[Termination "Game drawn by repetition"]

1. e4 e5 2. Nf3 Nf6 3. Nc3 Nc6 4. d4 exd4 5. Nxd4 Nxd4 6. Qxd4 d6 7. Bg5 Be7 8.
O-O-O h6 9. Bh4 Be6 10. f4 O-O 11. Bc4 Bxc4 12. Qxc4 c6 13. Qb3 Qc7 14. Rhe1 Rad8 15.
h3 Rfe8 16. g4 Nd7 17. Bg3 Nc5 18. Qc4 b5 19. Qd4 Ne6 20. Qe3 b4 21. Ne2 Qa5 22. Kb1 Nc5 23. e5 Bf8 24. Nd4 dxe5 25. Nxc6 Rxd1+ 26.
Rxd1 Qc7 27. Nxb4 Na4 28. Qb3 exf4 29. Bf2 Nc5 30. Qc4 Rc8 31. Nd3 Nxd3 32. Qxc7 Rxc7 33.
Rxd3 f6 34. b3 Kf7 35. c4 g5 36. Kb2 Ke6 37. a3 Bc5 38. Bxc5 Rxc5 39. Kc3 f5 40.
b4 Re5 41. c5 fxg4 42. hxg4 Re1 43. Kd2 Rg1 44. c6 Rg2+ 45. Kc3 Rg3 46. b5 Rxd3+ 47. Kxd3 Kd6 48. Ke4 Kc7 49. a4 Kb6 50. Kf3 a6 51. Kg2 axb5 52. axb5 Kc7 53. Kf3 Kd6 54. Kg2 Kc7 55. Kf3 Kd6 56. Kg2 Kc7 1/2-1/2

[Event "Early-Titled-Tuesday-Blitz-March-19-2024"]
[Site "Chess.com"]
[Date "2024.03.19"]
[Round "4"]
[White "IMchanged"]
[Black "whiteglovethief"]
[Result "1-0"]
[WhiteElo "2685"]
[BlackElo "2448"]
[TimeControl "180+1"]
[EndTime "8:40:23 PDT"]
[Termination "IMchanged won on time"]

1. e4 e6 2. d4 d5 3. e5 c5 4.
c3 Nc6 5. Nf3 Bd7 6. Bd3 cxd4 7.
cxd4 Bb4+ 8. Nc3 Nge7 9. O-O h6 10. a3 Bxc3 11. bxc3 O-O 12. Bc2 f5 13. exf6 Rxf6 14. Qd3 Ng6 15. Re1 Rc8 16. Ne5 Ncxe5 17. dxe5 Rf5 18.
Qg3 Ne7 19. Bxh6 Rf7 20. Bg5 Qa5 21. Bxe7 Rxe7 22. Qg6 Rxc3 23. Qh7+ Kf8 24. Bg6 Rf7 25. Qh8+ Ke7 26. Qh4+ Kf8 27. Bxf7 Kxf7 28. a4 Rc4 29. Qh5+ Kg8 30. Re3 Qxa4 31. Rf1 Rh4 32. Qg5 Rg4 33. Qd8+ Be8 34. h3 Rf4 35. Rg3 Qd7 36. Qb8 a5 37.
Rc1 Rc4 38. Re1 a4 39. Rf3 b5 40. Rb1 Kh7 41. Rf8 Rc8 42. Qb6 Bg6 43. Rxc8 Qxc8 44.
Ra1 Qc3 45. Rf1 b4 46. Qxe6 b3 47. h4 b2 48. Qb6 Qc4 49. Re1 a3 50. h5 Bxh5 51. e6 a2 52. Qxb2 d4 53. e7 Bf7 54.
e8=Q Bxe8 55. Rxe8 d3 56. Rd8 1-0

[Event "Early-Titled-Tuesday-Blitz-March-19-2024"]
[Site "Chess.com"]
[Date "2024.03.19"]
[Round "4"]
[White "Blitzstream"]
[Black "ajedrezsinlimites"]
[Result "1/2-1/2"]
[WhiteElo "2826"]
[BlackElo "2613"]
[TimeControl "180+1"]
[EndTime "8:40:24 PDT"]
[Termination "Game drawn by repetition"]

1. e4 c6 2. c4 d5 3. cxd5 cxd5 4. exd5 Nf6 5. Nc3 Nxd5 6. Nf3 Nc6 7. Bc4 e6 8. O-O Be7 9. d4 O-O 10. Re1 Bf6 11. Ne4 Bd7 12. Nxf6+ Nxf6 13. Bg5 h6 14. Bh4 Re8 15. Ne5 g5 16. Bg3 Nxe5 17. Bxe5 Bc6 18.
h4 Nd7 19. Bh2 Qf6 20. Qg4 Qg6 21. Rad1 Nf6 22. Qh3 gxh4 23. Bd3 Qg4 24. Qxg4+ Nxg4 25. Bf4 h5 26. f3 Nf6 27. Kf2 Nd5 28. Bd2 Kg7 29.
Rh1 Rh8 30. Rxh4 f5 31. Rdh1 Nf6 32. Bf4 Bd5 33. b3 Kf7 34. Be5 Rhg8 35. Bxf6 Kxf6 36.
Rxh5 Rg7 37. Rh6+ Ke7 38. Rh7 Rg8 39. Ke3 Kd6 40. Rxg7 Rxg7 41. Rh2 a6 42. Kf4 b5 43. g3 Rc7 44. Rc2 Rg7 45. Rh2 Rc7 46. Rc2 Rg7 47. b4 Rg8 48. a3 Rh8 49. g4 Rh3 50. Be2 fxg4 51. fxg4 Rh2 52. g5 Rf2+ 53. Ke3 Rg2 54.
Kf4 Rf2+ 55. Ke3 Rg2 56. Kf4 Rf2+ 1/2-1/2

[Event "Early-Titled-Tuesday-Blitz-March-19-2024"]
[Site "Chess.com"]
[Date "2024.03.19"]
[Round "4"]
[White "Rogarcia1"]
[Black "Alina_Gumerovna"]
[Result "1-0"]
[WhiteElo "2494"]
[BlackElo "2167"]
[TimeControl "180+1"]
[EndTime "8:40:24 PDT"]
[Termination "Rogarcia1 won on time"]

1. e4 e6 2. d4 d5 3. Nc3 Bb4 4. Ne2 dxe4 5. a3 Bxc3+ 6. Nxc3 Nf6 7. Bg5 h6 8. Bxf6 Qxf6 9. Nxe4 Qe7 10. Qd3 O-O 11.
O-O-O Nd7 12. g3 b6 13. Bg2 Bb7 14. Nf6+ Nxf6 15. Bxb7 Rab8 16. Bf3 c5 17. dxc5 Qxc5 18. Kb1 Rfc8 19. Rd2 b5 20. Rhd1 b4 21. a4 b3 22.
cxb3 Qb4 23. Rc2 Rxc2 24. Qxc2 g6 25. Rd3 e5 26. Rc3 e4 27. Be2 Nd5 28. Rc8+ Rxc8 29. Qxc8+ Kg7 30. Bd1 Qd4 31. Qc2 a5 32. Qe2 Nb4 33. Qe1 Nd3 34. Qc3 Qxc3 35. bxc3 Nxf2 36. Be2 e3 37. b4 Ne4 38. Kc2 f5 39. bxa5 Nd6 40.
a6 Nc8 41. c4 Kf6 42. Kd3 Ke5 43. Kxe3 Na7 44. c5 Kd5 45. Bb5 Kxc5 46. Kf4 Kb6 47. Ke5 1-0

[Event "Early-Titled-Tuesday-Blitz-March-19-2024"]
[Site "Chess.com"]
[Date "2024.03.19"]
[Round "4"]
[White "vi_pranav"]
[Black "bangchess21"]
[Result "1-0"]
[WhiteElo "3060"]
[BlackElo "2840"]
[TimeControl "180+1"]
[EndTime "8:40:25 PDT"]
[Termination "vi_pranav won by resignation"]

1. e4 c5 2. Nf3 Nc6 3. Bb5 Nf6 4. Bxc6 dxc6 5. d3 Bg4 6. O-O Nd7 7. h3 Bh5 8. Nbd2 e5 9. Nc4 f6 10. Ne3 Bf7 11. Nf5 g6 12. Nh6 Be6 13. Nh2 Qc7 14.
b3 O-O-O 15. N6g4 f5 16. Ne3 f4 17. Nc4 b5 18. Nd2 g5 19. a4 h5 20. axb5 cxb5 21. Bb2 g4 22. Ra6 Bd6 23. Qa1 Kb8 24.
Qa2 Nb6 25. Ra1 Nc8 26. h4 Rhg8 27. Nhf1 g3 28. Rxd6 Nxd6 29. fxg3 Nc8 30. Nf3 Ka8 31. Bxe5 Qb7 32. Bxf4 Nb6 33. Ne5 Rg7 34. Ne3 Re8 35. Qa5 Nd7 36. Nc6 Nf8 37. Nxa7 Qxa7 38. Qc3 Qxa1+ 39. Qxa1+ Ra7 40. Qe5 Nd7 41. Qxh5 Nf6 42. Qg6 Rf8 43. Be5 Raf7 44. Bxf6 Rxf6 45. Qg5 c4 46.
bxc4 bxc4 47. d4 1-0

[Event "Early-Titled-Tuesday-Blitz-March-19-2024"]
[Site "Chess.com"]
[Date "2024.03.19"]
[Round "4"]
[White "ZenBull"]
[Black "amanjazu"]
[Result "0-1"]
[WhiteElo "2286"]
[BlackElo "2527"]
[TimeControl "180+1"]
[EndTime "8:40:25 PDT"]
[Termination "amanjazu won by resignation"]

1. c4 e5 2. e3 Nc6 3. Nc3 g6 4. d3 Bg7 5. Nf3 d6 6. Be2 Nge7 7.
O-O O-O 8. a3 a5 9. Qc2 f5 10.
Rb1 h6 11. b4 axb4 12. axb4 Be6 13. b5 Na5 14. Bb2 g5 15. Nd2 f4 16. exf4 exf4 17. Rfe1 Nf5 18. Nd5 Bxb2 19. Qxb2 c6 20. Nb4 Qf6 21.
Qxf6 Rxf6 22. bxc6 bxc6 23. Bf3 Nd4 24. Ne4 Rff8 25. Nxd6 Rad8 26. c5 g4 27. Be4 f3 28.
Ra1 Nab3 29. Ra6 Nxc5 30. Ra5 Ndb3 31. Rxc5 Nxc5 32. Nc4 Bxc4 33. dxc4 Nxe4 34. gxf3 gxf3 35. Nxc6 Rde8 36. Nd4 Nd2 37. Rc1 Nxc4 38. Nxf3 Rxf3 39. Rxc4 Ref8 40. Rc2 Kg7 41. Kg2 Kg6 42. Rd2 R8f6 43.
Re2 R3f5 44. Rd2 Kh5 45. Re2 Kg4 46. Re4+ Rf4 47. Re2 h5 48. Rd2 Rf3 49. Rd4+ R6f4 50. Rd2 h4 51. Rc2 h3+ 52. Kf1 Re4 53. Rd2 Rc3 54.
Rd1 Kf3 55. Ra1 Rec4 0-1